 Dungeon Crawl Stone Soup version 0.18.1-50-g88ac8fd (webtiles) character file.

87658 Morgantower the Severer (level 15, -9/139 HPs)
             Began as a Minotaur Gladiator on Apr 14, 2017.
             Was the Champion of Okawaru.
             Mangled by Rupert
             ... wielding a +0 triple sword of slicing
              (30 damage)
             ... on level 2 of the Orcish Mines on Apr 16, 2017.
             The game lasted 03:43:02 (23686 turns).

Morgantower the Severer (Minotaur Gladiator)       Turns: 23686, Time: 03:43:03

Health: -9/139     AC: 26    Str: 25    XL:     15   Next: 44%
Magic:  19/19      EV: 10    Int: 12    God:    Okawaru [******]
Gold:   1584       SH:  0    Dex: 21    Spells: 0 memorised, 14 levels left

rFire  . . .     SeeInvis .     L - +2 executioner's axe (chop)
rCold  + . .     Gourm    .     b - +1 plate armour of Tiomic {Int+4} (curse)
rNeg   . . .     Faith    .     (shield currently unavailable)
rPois  .         Spirit   .     c - +0 hat
rElec  +         Dismiss  .     r - +2 cloak {+Inv}
rCorr  .         Reflect  .     q - +0 pair of gloves of the Pink Corner {rElec Dex+3}
SustAt .         Harm     .     x - +1 pair of boots
MR     +....                    N - amulet "Asen" {Regen+ Int+3 Stlth+}
Stlth  ..........               T - ring of protection from cold
                                i - +6 ring of dexterity

@: very slightly contaminated, hasted, very quick, somewhat resistant to hostile
enchantments, extremely unstealthy
A: retaliatory headbutt, horns 2
a: Heroism, Finesse, Renounce Religion, Evoke Invisibility


You were on level 2 of the Orcish Mines.
You worshipped Okawaru.
Okawaru was exalted by your worship.
You were not hungry.

You visited 4 branches of the dungeon, and saw 24 of its levels.
You also visited: Ice Cave.

You collected 1950 gold pieces.
You spent 366 gold pieces at shops.

Inventory:

Hand Weapons
 a - a +2 battleaxe of freezing
 L - a +2 executioner's axe of chopping (weapon)
 Q - a +0 battleaxe of holy wrath
 Z - a +2 battleaxe of chopping
Missiles
 A - 8 poisoned javelins (quivered)
 O - 8 steel javelins
Armour
 b - the cursed +1 plate armour of Tiomic (worn) {Int+4}
   (You found it in an ice cave)

   It affects your intelligence (+4).
   It has a curse placed upon it.
 c - a +0 hat (worn)
 q - the +0 pair of gloves of the Pink Corner (worn) {rElec Dex+3}
   (You acquired it on level 13 of the Dungeon)

   It affects your dexterity (+3).
   It insulates you from electricity.
 r - a +2 cloak of invisibility (worn)
 x - a +1 pair of boots (worn)
 S - the +1 swamp dragon armour of Okawaru's Generosity {rPois Regen+}
   (Okawaru gifted it to you on level 1 of the Orcish Mines)

   It protects you from poison.
   It increases your rate of regeneration.
Jewellery
 e - an uncursed ring of sustain attributes
 i - a +6 ring of dexterity (left hand)
 D - an uncursed amulet of dismissal
 E - an uncursed ring of positive energy
 N - the amulet "Asen" (around neck) {Regen+ Int+3 Stlth+}
   (You found it on level 8 of the Lair of Beasts)

   [amulet of regeneration]

   It affects your intelligence (+3).
   It increases your rate of regeneration.
   It makes you more stealthy.
 T - a ring of protection from cold (right hand)
 U - an uncursed ring of flight
 V - an uncursed ring of see invisible
Wands
 j - a wand of disintegration (11/24)
 o - a wand of iceblast (8/15)
 C - a wand of lightning (1/15)
Scrolls
 s - 2 scrolls of blinking
 t - 3 scrolls of enchant armour
 u - a scroll of recharging
 v - 8 scrolls of remove curse
 y - 3 scrolls of amnesia
 G - 2 scrolls of enchant weapon
 I - 2 scrolls of teleportation
 P - a scroll of torment
 X - a scroll of silence
Potions
 g - 4 potions of invisibility
 h - a potion of agility
 n - 3 potions of might
 p - 7 potions of curing
 z - a potion of resistance
 B - 3 potions of brilliance
 H - a potion of flight
 J - 2 potions of cure mutation
 K - a potion of berserk rage
Comestibles
 d - 5 chunks of flesh
 f - 19 bread rations
 k - 7 beef jerkies
 l - 4 fruits
 m - 2 royal jellies
 F - 4 slices of pizza
 R - a meat ration


   Skills:
 + Level 14.8 Fighting
 + Level 20.7 Axes
 - Level 2.0 Throwing
 - Level 16.5 Armour
 - Level 3.2 Dodging
 - Level 7.4 Invocations


You had 14 spell levels left.
You didn't know any spells.

Dungeon Overview and Level Annotations

Branches:
Dungeon (13/15)            Temple (1/1) D:4            Lair (8/8) D:10
  Swamp (0/4) Lair:3       Spider (0/4) Lair:5        Slime (0/6) Lair:8
    Orc (2/2) D:9          Vaults (0/5) D:13
    Elf: Orc:2

Altars:
Ashenzari
Cheibriados
Dithmenos
Elyvilon
Fedhas
Gozag
Kikubaaqudgha
Makhleb
Nemelex Xobeh
Okawaru
Pakellas
Qazlal
Ru
Sif Muna
Trog
Vehumet
Xom
Yredelemnul
Zin
The Shining One
Jiyva

Shops:
D:3 }   D:5 [   D:6 %   Orc:1 !   Orc:2 }=

Portals:
Trove: D:13 (give horn of Geryon)

Annotations:
Orc:2 Rupert


Innate Abilities, Weirdness & Mutations

You reflexively headbutt those who attack you in melee.
You have a pair of horns on your head.


Message History

Rupert hits you with a triple sword of slicing!
You barely miss Rupert.
Rupert is heavily wounded.
Rupert completely misses you. You furiously retaliate!
You headbutt Rupert!
Your plate armour of Tiomic prevents you from hitting Rupert.
You headbutt Rupert.
Rupert is heavily wounded.
Rupert hits you with a triple sword of slicing!!
* * * LOW HITPOINT WARNING * * *
x2 Drink which item? (? for menu, Esc to quit)
You feel much better. Rupert hits you but does no damage.
Drink which item? (? for menu, Esc to quit)
You feel yourself speed up.
Rupert hits you with a triple sword of slicing!!
* * * LOW HITPOINT WARNING * * *
x2 You are very lightly contaminated with residual magic.
You slice Rupert!! You headbutt Rupert, but do no damage.
Rupert is severely wounded.
Rupert hits you with a triple sword of slicing!!
You die...

..........)........##
..........#.....#.#.##.
.......#...##...........
...∩..##..#.........##..
......#.....)(.....#....
..........#(#..(.<......
..........###.....#..#..
..#........ ##).......#
...#...##.# #..#@##....
#.##.... ###...).@......
.# #..## #...#.#......
#............. .........
..... ..............<.
........... ....
..............$


You could see Rupert (berserk).

Vanquished Creatures
  A frost giant (IceCv)
  Snorg (Lair:6)
  Erolcha (D:8)
  10 hydras
  A catoblepas (Lair:8)
  16 death yaks
  A deep troll shaman (Lair:8)
  Erica (D:8)
  An unseen horror (D:12)
  6 hill giants
  A necromancer (D:13)
  An ugly thing (D:11)
  A cyclops (Orc:2)
  8 black mambas
  16 elephants
  Psyche (D:8)
  3 rime drakes
  A gargoyle (D:11)
  15 spiny frogs
  6 komodo dragons
  3 two-headed ogres
  6 trolls
  21 polar bears
  A boulder beetle (Lair:6)
  30 blink frogs
  A vampire (D:13)
  3 spriggans
  2 wyverns
  81 yaks
  8 hippogriffs
  Grum (D:10)
  2 wraiths (D:12)
  4 basilisks
  A hungry ghost (D:12)
  3 wargs
  15 water moccasins
  5 swamp worms (Lair:3)
  2 hell hounds (Lair:1)
  16 porcupines
  10 ice beasts
  14 orc warriors
  4 black bears
  6 ogres
  An eye of draining (D:9)
  A sky beast (D:9)
  40 wolves
  19 crocodiles
  9 centaurs
  A big kobold (D:9)
  22 giant frogs
  A wyvern zombie (D:8)
  A water moccasin skeleton (D:12)
  4 scorpions
  The ghost of Wisonny the Covered, a weakling MiFi (D:3)
  19 wights
  5 killer bees (D:7)
  6 electric eels
  8 crimson imps
  19 howler monkeys
  2 jellies
  Crazy Yiuf (D:3)
  A giant frog zombie (D:11)
  7 hounds
  4 giant frog skeletons
  16 orc priests
  18 orc wizards
  8 iguanas
  11 worker ants
  22 sheep
  2 hound skeletons (D:5)
  10 gnolls
  7 adders
  62 river rats
  3 shadow imps
  3 adder skeletons
  An adder zombie (D:6)
  3 worms
  3 dart slugs (D:1)
  6 giant geckos
  59 orcs
  4 giant cockroaches
  6 goblins
  3 hobgoblins (D:1)
  2 jackals (D:1)
  9 kobolds
  6 quokkas
  A ball python (D:4)
  5 bats
  8 giant newts
  A jackal skeleton (D:7)
  5 rats
  3 bushes
  7 fungi
  5 plants
802 creatures vanquished.

Vanquished Creatures (others)
  2 wolves (IceCv)
  4 fungi
6 creatures vanquished.

Grand Total: 808 creatures vanquished

Notes
Turn   | Place    | Note
--------------------------------------------------------------
     0 | D:1      | Morgantower the Minotaur Gladiator began the quest for the Orb.
     0 | D:1      | Reached XP level 1. HP: 18/18 MP: 0/0
    61 | D:1      | Reached skill level 1 in Armour
   173 | D:1      | Reached XP level 2. HP: 25/25 MP: 1/1
   192 | D:1      | Reached skill level 4 in Axes
   843 | D:1      | Reached XP level 3. HP: 30/30 MP: 2/2
  1863 | D:3      | Noticed Crazy Yiuf
  1869 | D:3      | Killed Crazy Yiuf
  1869 | D:3      | Reached skill level 5 in Axes
  1869 | D:3      | Reached XP level 4. HP: 37/37 MP: 3/3
  2035 | D:3      | Found an oddly glowing altar of Pakellas.
  2035 | D:3      | Found Pakellas's Prime Provisions.
  2167 | D:3      | Noticed Wisonny's ghost (weakling MiFi)
  2183 | D:3      | Killed Wisonny's ghost
  2183 | D:3      | Reached XP level 5. HP: 20/42 MP: 4/4
  2422 | D:4      | Noticed an ogre
  2430 | D:4      | Killed an ogre
  2430 | D:4      | Reached skill level 6 in Axes
  2430 | D:4      | Reached skill level 5 in Armour
  2443 | D:4      | Reached XP level 6. HP: 32/50 MP: 5/5
  2863 | D:4      | Found a staircase to the Ecumenical Temple.
  2877 | Temple   | Entered the Ecumenical Temple
  3529 | D:5      | Entered Level 5 of the Dungeon
  3547 | D:5      | Noticed a hill giant
  3685 | D:5      | Found Inoskin's Antique Armour Shop.
  3706 | D:5      | Bought a shiny chain mail for 81 gold pieces
  3731 | D:5      | Reached skill level 7 in Axes
  3771 | D:5      | Reached XP level 7. HP: 54/56 MP: 6/6
  3989 | D:5      | Found an iron altar of Okawaru.
  3997 | D:5      | Became a worshipper of Warmaster Okawaru
  4032 | D:5      | Killed a hill giant
  4032 | D:5      | Reached * piety under Okawaru
  4032 | D:5      | Reached skill level 8 in Axes
  4032 | D:5      | Reached XP level 8. HP: 15/62 MP: 7/7
  4359 | D:6      | Found a shadowy altar of Dithmenos.
  4381 | D:6      | Reached skill level 9 in Axes
  4399 | D:6      | Found Suxaos's Food Shop.
  4417 | D:6      | Found an ancient bone altar of Kikubaaqudgha.
  4422 | D:6      | Found a sacrificial altar of Ru.
  4529 | D:6      | Reached ** piety under Okawaru
  4658 | D:6      | Reached skill level 10 in Axes
  4850 | D:7      | Reached XP level 9. HP: 68/68 MP: 8/8
  4860 | D:7      | Reached skill level 10 in Armour
  4874 | D:7      | Reached *** piety under Okawaru
  5074 | D:7      | Reached skill level 11 in Axes
  5309 | D:7      | Reached skill level 5 in Fighting
  5314 | D:7      | Reached **** piety under Okawaru
  5536 | D:7      | Got a jewelled leather armour
  5547 | D:7      | Identified the +0 leather armour of Incorporation {rN+ Int+6} (You found it on level 7 of the Dungeon)
  6042 | D:8      | Found a stormy altar of Qazlal.
  6070 | D:8      | Found a white marble altar of Elyvilon.
  6095 | D:8      | Noticed Erica
  6099 | D:8      | Noticed Psyche
  6112 | D:8      | Killed Psyche
  6112 | D:8      | Reached skill level 12 in Axes
  6120 | D:8      | Killed Erica
  6120 | D:8      | Reached XP level 10. HP: 29/86 MP: 9/9
  6418 | D:8      | Reached ***** piety under Okawaru
  6437 | D:8      | Found a burning altar of Makhleb.
  6655 | D:8      | Noticed Erolcha
  6669 | D:8      | Killed Erolcha
  6669 | D:8      | Reached skill level 13 in Axes
  7372 | D:9      | Found a staircase to the Orcish Mines.
  7973 | D:9      | Received a gift from Okawaru
  7996 | D:9      | Reached skill level 5 in Invocations
  8209 | D:9      | Got a translucent longbow
  8210 | D:9      | Identified the cursed +2 longbow of Truncation {velocity, rPois Int-3 Dex+3} (You found it on level 9 of the Dungeon)
  8223 | D:9      | Reached skill level 14 in Axes
  8549 | D:10     | Entered Level 10 of the Dungeon
  8605 | D:10     | Gained mutation: Your muscles are strong. (Str +2) [potion of beneficial mutation]
  8633 | D:10     | Noticed Grum
  8651 | D:10     | Reached XP level 11. HP: 47/92 MP: 14/14
  8664 | D:10     | Killed Grum
  9050 | D:10     | Found a staircase to the Lair.
  9077 | D:10     | Noticed a hill giant
  9083 | D:10     | Killed a hill giant
  9126 | D:10     | You fall through a shaft for 3 floors!
  9217 | D:12     | Noticed a four-headed hydra
  9223 | D:13     | Received a gift from Okawaru
  9490 | D:13     | Found a gate to the Vaults.
  9490 | D:13     | Noticed a hill giant
  9490 | D:13     | Noticed a necromancer
  9501 | D:13     | Killed a hill giant
  9514 | D:13     | Killed a necromancer
  9514 | D:13     | Reached skill level 15 in Axes
  9865 | D:13     | Identified a scroll of acquirement
  9868 | D:13     | Got a pair of distressingly furry gloves
  9879 | D:13     | Identified the +0 pair of gloves of the Pink Corner {rElec Dex+3} (You acquired it on level 13 of the Dungeon)
 10104 | D:13     | Found a portal to a secret trove of treasure.
 10230 | D:13     | Noticed a hill giant
 10245 | D:13     | Killed a hill giant
 10644 | D:12     | Received a gift from Okawaru
 10707 | D:12     | Killed an unseen horror
 10707 | D:12     | Reached skill level 10 in Fighting
 10940 | D:12     | Noticed a hill giant
 10950 | D:12     | Killed a hill giant
 10950 | D:12     | Reached XP level 12. HP: 106/106 MP: 16/16
 10991 | D:12     | Received a gift from Okawaru
 10991 | D:12     | Reached skill level 16 in Axes
 11214 | D:12     | Found a white marble altar of Elyvilon.
 11723 | D:11     | Received a gift from Okawaru
 12397 | Lair:1   | Entered Level 1 of the Lair of Beasts
 12760 | Lair:1   | Noticed an eight-headed hydra
 12773 | Lair:1   | Reached skill level 17 in Axes
 12776 | Lair:1   | Killed a 15-headed hydra
 13551 | Lair:1   | Reached ****** piety under Okawaru
 13584 | Lair:2   | Lost mutation: Your muscles are strong. (Str +2) [potion of cure mutation]
 13617 | Lair:2   | Received a gift from Okawaru
 13626 | Lair:2   | Got a pair of polished gloves {god gift}
 13637 | Lair:2   | Identified the +0 pair of gloves of the Furies {-Cast rC+ MR+ rCorr} (Okawaru gifted it to you on level 2 of the Lair of Beasts)
 13879 | Lair:2   | Reached XP level 13. HP: 91/113 MP: 17/17
 14810 | Lair:3   | Reached skill level 18 in Axes
 15184 | Lair:3   | Found a staircase to the Swamp.
 15816 | Lair:4   | Found a frozen archway.
 15888 | IceCv    | Entered an ice cave
 16735 | IceCv    | Got a spiked plate armour
 16755 | IceCv    | Identified the cursed +1 plate armour of Tiomic {Int+4} (You found it in an ice cave)
 16774 | IceCv    | Received a gift from Okawaru
 17294 | IceCv    | Noticed a frost giant
 17319 | IceCv    | Reached skill level 19 in Axes
 17326 | IceCv    | Reached skill level 15 in Armour
 17340 | IceCv    | Killed a frost giant
 17895 | Lair:4   | Reached XP level 14. HP: 96/121 MP: 18/18
 18772 | Lair:5   | Found a hole to the Spider Nest.
 19710 | Lair:6   | Noticed Snorg
 19720 | Lair:6   | Killed Snorg
 19749 | Lair:6   | Received a gift from Okawaru
 20196 | Lair:6   | Reached skill level 20 in Axes
 21326 | Lair:8   | Entered Level 8 of the Lair of Beasts
 21621 | Lair:8   | Received a gift from Okawaru
 21686 | Lair:8   | Received a gift from Okawaru
 21687 | Lair:8   | Reached XP level 15. HP: 92/136 MP: 19/19
 21876 | Lair:8   | Found a viscous altar of Jiyva.
 21876 | Lair:8   | Found a staircase to the Slime Pits.
 22706 | Lair:8   | Got a glittering jade amulet
 22723 | Lair:8   | Identified the amulet "Asen" {Regen+ Int+3 Stlth+} (You found it on level 8 of the Lair of Beasts)
 23166 | Orc:1    | Entered Level 1 of the Orcish Mines
 23354 | Orc:1    | Received a gift from Okawaru
 23359 | Orc:1    | Got an obsidian-encrusted swamp dragon armour {god gift}
 23364 | Orc:1    | Identified the +1 swamp dragon armour of Okawaru's Generosity {rPois Regen+} (Okawaru gifted it to you on level 1 of the Orcish Mines)
 23403 | Orc:1    | Found Nouseudgh's Distillery.
 23412 | Orc:1    | Bought a potion of heal wounds for 60 gold pieces
 23541 | Orc:2    | Entered Level 2 of the Orcish Mines
 23541 | Orc:2    | Found Mahorom's Gadget Boutique.
 23541 | Orc:2    | Found Haoc's Jewellery Boutique.
 23573 | Orc:2    | Bought an uncursed ring of see invisible for 225 gold pieces
 23651 | Orc:2    | Noticed Rupert
 23686 | Orc:2    | Mangled by Rupert

Skill      XL: |  1  2  3  4  5  6  7  8  9 10 11 12 13 14 15 |
---------------+----------------------------------------------+-----
Armour         | 1 2 3 5 6 8 9 10 13 15 16 | 16.5
Axes           | 4 5 6 7 8 10 12 14 15 17 19 20 | 20.7
Fighting       | 7 10 13 14 | 14.8
Invocations    | 6 7 |  7.4
Throwing       | |  2.0
Dodging        | |  3.2

Action                   |  1- 3 |  4- 6 |  7- 9 | 10-12 | 13-15 || total
-------------------------+-------+-------+-------+-------+-------++-------
Melee: War axe           |   102 |   101 |   229 |    88 |       ||   520
       Headbutt          |    33 |    29 |    55 |   226 |   328 ||   671
       Battleaxe         |       |       |       |   603 |   824 ||  1427
       Executioner's axe |       |       |       |       |   209 ||   209
Throw: Tomahawk          |       |       |       |     4 |       ||     4
Invok: Heroism           |       |       |       |     3 |    11 ||    14
       Finesse           |       |       |       |     3 |     4 ||     7
Evoke: Wand              |       |       |       |    17 |     5 ||    22
  Use: Scroll            |     8 |     4 |     1 |    13 |     8 ||    34
       Potion            |       |     1 |     1 |    10 |     5 ||    17
 Stab: Sleeping          |     2 |       |       |       |       ||     2
       Petrified         |       |       |       |       |     3 ||     3
  Eat: Chunk             |     3 |     7 |     7 |    27 |    24 ||    68
       Meat ration       |       |       |       |       |     2 ||     2
Armor: Leather armour    |     9 |       |       |       |       ||     9
       Ring mail         |    15 |       |       |       |       ||    15
       Chain mail        |       |    51 |    42 |       |       ||    93
       Plate armour      |       |       |   120 |   513 |   551 ||  1184
Dodge: Dodged            |    52 |    48 |   101 |   303 |   420 ||   924
